 Dungeon Crawl Stone Soup version 0.21.0-34-g9234887 (webtiles) character file.

19280 Inarius the Frost Mage (level 12, -7/101 HPs)
             Began as a Pale Draconian Ice Elementalist on Jan 29, 2018.
             Was a Believer of Nemelex Xobeh.
             Mangled by a red ugly thing (15 damage)
             ... on level 11 of the Dungeon.
             The game lasted 00:45:57 (17199 turns).

Inarius the Frost Mage (DrIE)                      Turns: 17199, Time: 00:45:58

Health: -7/101     AC: 13    Str: 10    XL:     12   Next: 35%
Magic:  0/22       EV: 15    Int: 24    God:    Nemelex Xobeh [**....]
Gold:   590        SH:  0    Dex: 13    Spells: 13/25 levels left

rFire    . . .     SeeInvis .   x - +6 quarterstaff (chaos)
rCold    . . .     Gourm    .   (shield currently unavailable)
rNeg     . . .     Faith    .   (armour unavailable)
rPois    .         Spirit   +   g - +1 hat
rElec    .         Reflect  .   z - scarf {Spirit}
rCorr    .         Harm     .   o - +0 pair of gloves
MR       .....                  L - +0 pair of boots
Stlth    ++........             P - amulet of rage
HPRegen  0.26/turn              n - +4 ring of intelligence
MPRegen  0.18/turn              F - +2 ring of protection

@: very slightly contaminated
A: breathe steam, unfitting armour, cold-blooded, AC +8
a: Breathe Steam, Renounce Religion, Evoke Berserk Rage


You were on level 11 of the Dungeon.
You worshipped Nemelex Xobeh.
Nemelex Xobeh was pleased with you.
You were hungry.

You visited 2 branches of the dungeon, and saw 13 of its levels.

You collected 671 gold pieces.
You spent 81 gold pieces at shops.

Inventory:

Hand Weapons
 x - a +6 quarterstaff of chaos (weapon)
 A - a +3 dagger of chaos
Armour
 g - a +1 hat (worn)
 o - a +0 pair of gloves (worn)
 y - a -1 cloak
 z - a scarf of spirit shield (worn)
 L - a +0 pair of boots (worn)
Magical Staves
 p - an uncursed staff of conjuration
Jewellery
 l - an uncursed ring of ice
 n - a +4 ring of intelligence (left hand)
 s - an uncursed ring of positive energy
 u - an uncursed ring of resist corrosion
 F - a +2 ring of protection (right hand)
 P - an amulet of rage (around neck)
Wands
 c - a wand of random effects (29)
 f - a wand of flame (49)
 E - a wand of acid (7)
 H - a wand of disintegration (18)
 I - a wand of paralysis (29)
Scrolls
 a - a scroll of noise {unknown}
 d - 3 scrolls of enchant armour
 e - 3 scrolls of immolation
 i - a scroll of magic mapping
 j - 2 scrolls of brand weapon
 k - 4 scrolls of amnesia
 t - 2 scrolls of identify
 w - 2 scrolls of fear
 K - a scroll of teleportation
 N - a scroll of remove curse
Potions
 h - a potion of resistance
 m - 2 potions of cancellation
 q - 3 potions of lignification
 v - 3 potions of berserk rage
 B - 2 potions of flight
 D - a potion of haste
 J - 5 potions of brilliance
 M - a potion of might {unknown}
 O - a potion of heal wounds
Miscellaneous
 C - a plain deck of summoning {drawn: 7}
 G - a plain deck of destruction {drawn: 6}
Comestibles
 b - 10 rations
 r - 2 chunks of flesh


   Skills:
 + Level 7.7 Fighting
 - Level 1.0 Short Blades
 - Level 6.0 Dodging
 - Level 1.7 Stealth
 - Level 7.3 Spellcasting
 + Level 6.3 Conjurations
 - Level 3.0 Charms
 + Level 2.9 Summonings
 * Level 12.9 Ice Magic
 * Level 7.4 Invocations


You had 13 spell levels left.
You knew the following spells:

 Your Spells              Type           Power        Failure   Level  Hunger
a - Freeze                Ice            ####         1%          1    None
b - Ozocubu's Armour      Chrm/Ice       #####...     1%          3    None
c - Throw Icicle          Conj/Ice       ######..     1%          4    ###....
d - Summon Ice Beast      Ice/Summ       #####...     2%          4    ###....


Dungeon Overview and Level Annotations

Branches:
Dungeon (12/15)            Temple (1/1) D:7            Lair (0/6) D:10
    Orc: D:9-12

Altars:
Ashenzari
Cheibriados
Dithmenos
Elyvilon
Fedhas
Gozag
Hepliaklqana
Kikubaaqudgha
Makhleb
Nemelex Xobeh
Okawaru
Qazlal
Ru
Sif Muna
Trog
Uskayaw
Vehumet
Xom
Yredelemnul

Shops:
D:5 *   D:10 *


Innate Abilities, Weirdness & Mutations

You can breathe blasts of scalding, opaque steam.
Your pale cyan-grey scales are hard. (AC +8)
You cannot fit into any form of body armour.
You are cold-blooded and may be slowed by cold attacks.


Message History

Unknown command.
Your fire vortex hits the red ugly thing.
Your fire vortex burns the red ugly thing!
The red ugly thing resists.
Your fire vortex dissipates!
The red ugly thing stings you!
* * * LOW HITPOINT WARNING * * *
You are engulfed in flames!!
* * * LOW HITPOINT WARNING * * *
As you read the scroll of fear, it crumbles to dust.
You assume a fearsome visage.
The red ugly thing closely misses you. The red ugly thing barely misses you.
Okay, then.
Okay, then.
Wield which item (- for none, * to show all)? (? for menu, Esc to quit)
Okay, then.
As you read the scroll of fear, it crumbles to dust.
You assume a fearsome visage.
The red ugly thing stings you!
You die...
Your body disappears without a glow.

#............## #...#........#
#...<....##.## #...#........#
#........##.# ##...#........#
....##.###..# #..###........#
.....#..##.## ###.####........#
......#....# #..ยง##.=.......<#
......##..######.####.#........#
...............#u#....#..#.#####
......########.#@#.####..#..#
......# #...#.# #..##.# .....##
##.....# ##..##.# ....##
##.....####...##.# #####
##..(((##..((#.##.#
###...#.)....(...##.#
###....##..##...)####.# #
#...#.###...##[#.# #.# #
#.###.#...#.##...# #.#


You could see a red ugly thing (berserk).

Vanquished Creatures
  Fannar (D:11)
  Josephine (D:10)
  4 two-headed ogres
  Sonja (D:11)
  An unseen horror (D:10)
  2 ugly things (D:10)
  A manticore (D:10)
  Joseph (D:7)
  Psyche (D:8)
  An efreet (D:10)
  A troll (D:10)
  Grinder (D:6)
  The ghost of Enish the Grave Robber, an amateur GnNe (D:5)
  A hippogriff (D:9)
  A raiju (D:7)
  6 wraiths
  A spriggan (D:7)
  A wyvern (D:10)
  A shadow (D:11)
  4 yaks (D:11)
  A hungry ghost (D:8)
  Menkaure (D:6)
  Edmund (D:4)
  A water moccasin (D:10)
  2 hell hounds (D:10)
  2 sky beasts
  7 orc warriors
  3 ice beasts
  A phantom (D:9)
  2 black bears
  3 ogres
  A centaur (D:8)
  9 bullfrogs
  A water moccasin zombie (D:7)
  3 scorpions
  5 killer bees (D:8)
  7 wights
  4 howler monkeys
  2 crimson imps
  A centaur zombie (D:9)
  A bullfrog zombie (D:7)
  2 quasits
  7 hounds
  A bullfrog skeleton (D:6)
  4 orc priests
  3 jellies
  11 orc wizards
  Crazy Yiuf (D:6)
  A centaur skeleton (D:8)
  2 iguanas
  5 worker ants
  2 killer bee zombies
  2 hound zombies
  A hound skeleton (D:8)
  A howler monkey zombie (D:11)
  A worker ant zombie (D:11)
  4 gnolls
  A howler monkey skeleton (D:11)
  8 adders
  2 shadow imps
  2 oozes
  An adder skeleton (D:9)
  2 worms
  A dart slug (D:1)
  9 leopard geckos
  48 orcs
  3 ball pythons
  8 bats
  4 giant cockroaches
  7 goblins
  8 hobgoblins
  7 jackals
  5 quokkas
  5 frilled lizards
  12 kobolds
  6 rats
277 creatures vanquished.

Vanquished Creatures (collateral kills)
  Gastronok (D:9)
  A centaur warrior (D:10)
  3 two-headed ogres
  An ogre mage (D:10)
  Nergalle (D:11)
  2 ugly things
  A troll (D:10)
  A hungry ghost (D:11)
  A phantom (D:10)
  3 orcs (D:8)
15 creatures vanquished.

Vanquished Creatures (others)
  An orc (D:11)
1 creature vanquished.

Grand Total: 293 creatures vanquished

Notes
Turn   | Place    | Note
-------+----------+-------------------------------------------
     0 | D:1      | Inarius the Draconian Ice Elementalist began the quest for the Orb.
     0 | D:1      | Reached XP level 1. HP: 14/14 MP: 3/3
   101 | D:1      | Reached XP level 2. HP: 12/20 MP: 1/5
   762 | D:1      | Reached XP level 3. HP: 23/26 MP: 6/6
   767 | D:1      | Learned a level 3 spell: Ozocubu's Armour
   858 | D:1      | Reached skill level 4 in Ice Magic
  1582 | D:2      | Reached XP level 4. HP: 22/34 MP: 5/7
  1915 | D:2      | Found a burning altar of Makhleb.
  2262 | D:3      | Learned a level 4 spell: Throw Icicle
  2574 | D:3      | Reached XP level 5. HP: 20/39 MP: 1/9
  2824 | D:3      | Reached skill level 5 in Ice Magic
  3761 | D:4      | Found a stormy altar of Qazlal.
  4026 | D:4      | Reached XP level 6. HP: 36/46 MP: 8/10
  4171 | D:5      | Entered Level 5 of the Dungeon
  4171 | D:5      | Noticed Edmund
  4204 | D:4      | Killed Edmund
  4204 | D:4      | Reached skill level 1 in Short Blades
  4462 | D:5      | Reached skill level 1 in Fighting
  4823 | D:5      | Noticed Enish's ghost (amateur GnNe)
  5254 | D:6      | Reached skill level 6 in Ice Magic
  5254 | D:6      | Your scales start taking on a pale cyan-grey colour.
  5254 | D:6      | Reached XP level 7. HP: 26/52 MP: 7/12
  5809 | D:6      | Found a runed door.
  5814 | D:6      | Noticed Crazy Yiuf
  5817 | D:6      | Killed Crazy Yiuf
  6010 | D:6      | Found a blossoming altar of Fedhas.
  6012 | D:6      | Noticed Menkaure
  6024 | D:6      | Killed Menkaure
  6024 | D:6      | Reached XP level 8. HP: 19/60 MP: 14/14
  6259 | D:6      | Noticed Grinder
  6264 | D:6      | Reached skill level 7 in Ice Magic
  6270 | D:6      | Killed Grinder
  6479 | D:6      | Found a radiant altar of Vehumet.
  6891 | D:5      | Found Hozusihe's Assorted Antiques.
  6894 | D:5      | Bought a scroll labeled OWEM WOCIORGH for 28 gold pieces
  6894 | D:5      | Bought a scroll labeled VOUFU TIPU for 28 gold pieces
  6894 | D:5      | Bought a purple potion for 25 gold pieces
  7049 | D:5      | Killed Enish's ghost
  7049 | D:5      | Reached skill level 5 in Spellcasting
  7300 | D:7      | Reached skill level 8 in Ice Magic
  7456 | D:7      | Reached skill level 1 in Charms
  7483 | D:7      | Noticed a cyan ugly thing
  7557 | D:7      | HP: 3/63 [cyan ugly thing (14)]
  7926 | D:7      | Found a staircase to the Ecumenical Temple.
  7932 | Temple   | Entered the Ecumenical Temple
  8071 | Temple   | Became a worshipper of Nemelex Xobeh the Trickster
  8207 | D:7      | Found a snail-covered altar of Cheibriados.
  8209 | D:7      | Found a shimmering altar of Xom.
  8209 | D:7      | Noticed a hippogriff
  8213 | D:7      | Noticed a raiju
  8213 | D:7      | a hippogriff changed into a raiju
  8233 | D:7      | Killed a raiju
  8233 | D:7      | Reached XP level 9. HP: 54/70 MP: 6/16
  8244 | D:7      | Found a shattered altar of Ashenzari.
  8298 | D:7      | Received a gift from Nemelex Xobeh
  8366 | D:7      | Noticed Joseph
  8392 | D:7      | Killed Joseph
  8392 | D:7      | Reached skill level 5 in Dodging
  8392 | D:7      | Reached skill level 1 in Invocations
  8682 | D:8      | Reached skill level 9 in Ice Magic
  9282 | D:7      | Learned a level 4 spell: Summon Ice Beast
  9416 | D:8      | Reached skill level 5 in Fighting
  9746 | D:8      | Noticed a two-headed ogre
  9757 | D:8      | Killed a two-headed ogre
  9757 | D:8      | Reached skill level 1 in Summonings
  9757 | D:8      | Reached XP level 10. HP: 70/81 MP: 2/17
  9966 | D:8      | Noticed Psyche
  9975 | D:8      | Killed Psyche
  9975 | D:8      | Reached skill level 10 in Ice Magic
 10477 | D:9      | Reached * piety under Nemelex Xobeh
 11034 | D:9      | Found a hazy altar of Hepliaklqana.
 11106 | D:9      | Noticed Gastronok
 11125 | D:9      | Killed Gastronok
 11230 | D:9      | Found a bloodstained altar of Trog.
 11347 | D:9      | Received a gift from Nemelex Xobeh
 11400 | D:10     | Entered Level 10 of the Dungeon
 11473 | D:10     | Noticed Josephine
 11495 | D:9      | Reached skill level 5 in Invocations
 11612 | D:9      | Reached skill level 11 in Ice Magic
 11726 | D:10     | Noticed a two-headed ogre
 11733 | D:10     | Killed Josephine
 11733 | D:10     | Reached skill level 5 in Conjurations
 11733 | D:10     | Reached XP level 11. HP: 49/89 MP: 3/19
 11930 | D:9      | Killed a two-headed ogre
 12517 | D:10     | Noticed a two-headed ogre
 12528 | D:10     | Killed a two-headed ogre
 12651 | D:10     | Found Yfooc's Serpentskin Sales.
 12757 | D:10     | Killed a cyan ugly thing
 12868 | D:10     | Found a staircase to the Lair.
 12925 | D:10     | You fall through a shaft for 2 floors!
 13291 | D:10     | Noticed a red ugly thing
 13293 | D:10     | Noticed a cyan ugly thing
 13810 | D:10     | Noticed a centaur warrior
 13827 | D:10     | Noticed an ogre mage
 13832 | D:10     | Killed an ogre mage
 13835 | D:10     | Killed a centaur warrior
 13842 | D:10     | Noticed a two-headed ogre
 13860 | D:10     | Killed a cyan ugly thing
 13860 | D:10     | Reached skill level 12 in Ice Magic
 14082 | D:10     | Killed a two-headed ogre
 14236 | D:10     | Killed a red ugly thing
 14448 | D:10     | Killed an unseen horror
 14733 | D:11     | Noticed a white ugly thing
 14884 | D:11     | Noticed Fannar
 14950 | D:11     | Killed Fannar
 15030 | D:11     | Noticed Sonja
 15052 | D:11     | Killed Sonja
 15052 | D:11     | Reached XP level 12. HP: 33/100 MP: 9/22
 15371 | D:11     | Noticed a two-headed ogre
 15375 | D:11     | Killed a two-headed ogre
 15409 | D:11     | Noticed Nergalle
 15441 | D:11     | Killed Nergalle
 16987 | D:12     | Noticed a two-headed ogre
 16995 | D:12     | Killed a two-headed ogre
 17133 | D:12     | Reached ** piety under Nemelex Xobeh
 17142 | D:12     | Noticed a two-headed ogre
 17146 | D:12     | Killed a two-headed ogre
 17199 | D:11     | Mangled by a red ugly thing

Skill      XL: |  1  2  3  4  5  6  7  8  9 10 11 12 |
---------------+-------------------------------------+-----
Dodging        | 2 3 4 6 |  6.0
Ice Magic      | 4 5 6 8 9 11 12 | 12.9
Spellcasting   | 3 4 5 6 7 |  7.3
Short Blades   | 1 |  1.0
Fighting       | 1 3 5 6 7 |  7.7
Conjurations   | 2 3 4 5 6 |  6.3
Charms         | 1 2 3 |  3.0
Invocations    | 3 5 6 7 |  7.4
Summonings     | 1 2 |  2.9
Stealth        | |  1.7

Action                   |  1- 3 |  4- 6 |  7- 9 | 10-12 || total
-------------------------+-------+-------+-------+-------++-------
Melee: Whip              |    67 |    35 |       |       ||   102
       Unarmed           |     3 |       |       |       ||     3
       Tailslap          |     9 |    14 |    28 |    35 ||    86
       Short sword       |       |   114 |    47 |       ||   161
       Quarterstaff      |       |       |   217 |   325 ||   542
 Cast: Freeze            |    41 |    64 |    13 |     3 ||   121
       Ozocubu's Armour  |       |     3 |    12 |    19 ||    34
       Throw Icicle      |       |     2 |    38 |   101 ||   141
       Summon Ice Beast  |       |       |     5 |    17 ||    22
 Abil: Breathe Steam     |       |       |     6 |     6 ||    12
Evoke: Deck              |       |       |       |    13 ||    13
  Use: Scroll            |       |     6 |    11 |     8 ||    25
       Potion            |       |     5 |     4 |     5 ||    14
 Stab: Sleeping          |     2 |     3 |     3 |     2 ||    10
       Paralysed         |       |       |       |     5 ||     5
       Distracted        |       |       |       |     1 ||     1
  Eat: Chunk             |     3 |    11 |    21 |    28 ||    63
       Ration            |       |       |     1 |     3 ||     4
Armor: Skin              |    42 |    78 |   133 |   204 ||   457
Dodge: Dodged            |    76 |   116 |   264 |   326 ||   782
